[Event "DFMM-LV 2023"]
[Site "Braunfels"]
[Date "2023.06.09"]
[Round "2.36"]
[White "Prinzen, Siri Marleen"]
[Black "Von Herman, Brigitte"]
[Result "1/2-1/2"]
[Annotator "TA"]
[ECO "B13"]
[WhiteElo "1724"]
[BlackElo "1904"]
[PlyCount "28"]
[EventDate "2023.06.09"]
[EventType "team-tourn"]
[EventCountry "GER"]
[SourceTitle "playchess.com"]
[Source "ChessBase"]
[SourceQuality "1"]
[TimeControl "40/5400+30:1800+30"]

1. d4 d5 2. Bf4 c5 3. e3 cxd4 4. exd4 Nc6 5. c3 Bf5 6. Nf3 {[%emt 0:02:29] B13: Caro-Kann: Exchange Variation and Panov-Botvinnik Attack.} e6 7. Nbd2 Bd6 8. Bxd6 {[%emt 0:06:56] The position is equal.} Qxd6 9. Nh4 Bg6 10. Nxg6 hxg6 11. Nf3 Nf6 12. Bd3 {[%emt 0:05:08] [#]} a6 $146 ({Predecessor:} 12... Ne4 13. Qe2 f5 14. Bb5 O-O-O 15. O-O-O Kb8 16. Kb1 g5 17. Bxc6 Qxc6 18. Ne5 Qb6 {1-0 Tang,A (2439)-Khripachenko,A (2348) Wch Rapid Almaty 2022 (9)}) 13. Qe2 Qf4 14. g3 Qc7 {[%emt 0:01:15] Weighted Error Value: White=0.00 (flawless) /Black=0.08 (flawless)} 1/2-1/2

[Event "DFMM-LV 2023"]
[Site "Braunfels"]
[Date "2023.06.09"]
[Round "2.37"]
[White "Guder, Sibylle"]
[Black "Stark, Amalia"]
[Result "1-0"]
[Annotator "NA RC COMBH"]
[ECO "A21"]
[WhiteElo "1808"]
[BlackElo "1499"]
[PlyCount "105"]
[EventDate "2023.06.09"]
[EventType "team-tourn"]
[EventCountry "GER"]
[SourceTitle "playchess.com"]
[Source "ChessBase"]
[SourceQuality "1"]
[TimeControl "40/5400+30:1800+30"]

1. c4 d6 2. g3 f5 3. Bg2 Nf6 4. Nc3 g6 5. d3 Bg7 6. e3 c6 7. Nge2 O-O 8. O-O e5 9. b4 Be6 10. a4 e4 11. Rb1 Qe7 12. Ba3 Ng4 13. c5 d5 14. d4 g5 15. h3 Nf6 16. b5 a6 17. Qb3 Rf7 18. Bc1 h5 19. Bd2 axb5 20. axb5 Nbd7 21. bxc6 bxc6 22. Qb7 Raf8 23. Qxc6 Rd8 24. Na4 Nb8 25. Qb5 Bd7 26. Qb3 Nc6 27. Nb6 Be8 28. Nc3 Bh6 29. Ncxd5 Nxd5 30. Nxd5 Qf8 31. Nb6 Kh7 32. Qc2 h4 33. g4 fxg4 34. Bxe4+ Kh8 35. hxg4 Qe7 36. Bg2 Rh7 37. Bc3 Bg7 38. Qe4 Qf8 39. Qf3 Qg8 40. Nd5 h3 41. Nf6 Qe6 42. Nxh7 $18 hxg2 43. Qxg2 Kxh7 44. Rb6 Qc8 45. Qe4+ Kg8 46. Rc1 Bd7 47. f3 Re8 48. Qd5+ Re6 49. Qxg5 Kf7 50. d5 Rg6 51. Qf4+ Bf5 52. Rxc6 Bf8 53. d6 1-0

[Event "DFMM-LV 2023"]
[Site "Braunfels"]
[Date "2023.06.09"]
[Round "2.38"]
[White "Alferova, Emily"]
[Black "Fock, Amina"]
[Result "0-1"]
[Annotator "NA RC COMBH"]
[ECO "D05"]
[WhiteElo "1612"]
[BlackElo "1836"]
[PlyCount "50"]
[EventDate "2023.06.09"]
[EventType "team-tourn"]
[EventCountry "GER"]
[SourceTitle "playchess.com"]
[Source "ChessBase"]
[SourceQuality "1"]
[TimeControl "40/5400+30:1800+30"]

1. d4 Nf6 2. Nf3 e6 3. Nbd2 d5 4. e3 c5 5. c3 Nc6 6. Bd3 Bd6 7. O-O O-O 8. dxc5 Bxc5 9. e4 Qc7 10. Qe2 Bb6 11. e5 Ng4 12. Bxh7+ Kxh7 13. Ng5+ Kg8 14. Qxg4 Qxe5 15. Ndf3 Qf5 16. Qxf5 exf5 17. h4 f6 18. Nh3 d4 19. Bd2 Be6 20. Nf4 Bf7 21. Rfe1 Rfe8 22. b3 Re4 23. Rad1 dxc3 24. Bc1 Rae8 25. Ne2 Rxe2 0-1

[Event "DFMM-LV 2023"]
[Site "Braunfels"]
[Date "2023.06.09"]
[Round "2.39"]
[White "Fock, Sana"]
[Black "Schaefer, Ann-Kathrin"]
[Result "1-0"]
[Annotator "NA RC COMBH"]
[ECO "B23"]
[WhiteElo "1785"]
[BlackElo "1695"]
[PlyCount "111"]
[EventDate "2023.06.09"]
[EventType "team-tourn"]
[EventCountry "GER"]
[SourceTitle "playchess.com"]
[Source "ChessBase"]
[SourceQuality "1"]
[TimeControl "40/5400+30:1800+30"]

1. e4 c5 2. Nc3 Nc6 3. f4 g6 4. Nf3 Bg7 5. Bb5 e6 6. Bxc6 bxc6 7. d3 Ne7 8. O-O O-O 9. e5 Nf5 10. Ne4 d6 11. exd6 Nxd6 12. Nxc5 Qb6 13. d4 Rd8 14. c3 Rb8 15. Ne5 Nb7 16. Ne4 c5 17. Be3 cxd4 18. Bxd4 Qc7 19. Qe2 Na5 20. Rad1 Nc6 21. Nxc6 Qxc6 22. Bxg7 Rxd1 23. Rxd1 Kxg7 24. b3 Bb7 25. Re1 Rd8 26. c4 Qc7 27. Qb2+ Kh6 28. Qc1 Kg7 29. Qc3+ Kh6 30. Qh3+ Kg7 31. Qc3+ Kh6 32. Qe3 Bxe4 33. Qxe4 Qa5 34. Qe3 Kg7 35. Qe5+ Qxe5 36. fxe5 a5 37. Kf2 Kf8 38. Ke3 Ke7 39. Re2 f6 40. exf6+ Kxf6 41. Rd2 Rc8 42. Ke4 Rc5 43. Rf2+ Ke7 44. Rf3 Kd6 45. Rd3+ Kc6 46. h3 Rg5 47. g3 Kc7 48. a3 Rc5 49. g4 Kc6 50. h4 Kc7 51. Kd4 Rc6 52. c5 Kb7 53. b4 axb4 54. axb4 Ka6 55. Kc4 Kb7 56. Rd7+ 1-0

[Event "DFMM-LV 2023"]
[Site "Braunfels"]
[Date "2023.06.09"]
[Round "2.40"]
[White "Albayrak, Melissa"]
[Black "Grosse-Honebrink, Brigitte"]
[Result "1-0"]
[Annotator "NA RC COMBH"]
[ECO "C02"]
[WhiteElo "1362"]
[BlackElo "1891"]
[PlyCount "143"]
[EventDate "2023.06.09"]
[EventType "team-tourn"]
[EventCountry "GER"]
[SourceTitle "playchess.com"]
[Source "ChessBase"]
[SourceQuality "1"]
[TimeControl "40/5400+30:1800+30"]

1. e4 e6 2. d4 d5 3. e5 c5 4. c3 Nc6 5. Nf3 Qb6 6. Be2 cxd4 7. cxd4 Nge7 8. Na3 Nf5 9. Nc2 Be7 10. O-O O-O 11. Rb1 Bd7 12. b4 a5 13. b5 Nb4 14. a4 Nxc2 15. Qxc2 Rac8 16. Qd1 Bb4 17. Bd2 Bc3 18. Bxc3 Rxc3 19. Qd2 Rfc8 20. Bd3 Qc7 21. Ra1 b6 22. h3 Qd8 23. Rfc1 R3c7 24. Re1 h6 25. Qf4 Qe7 26. Bxf5 exf5 27. Nd2 g5 28. Qf3 Be6 29. g4 fxg4 30. hxg4 Qd7 31. Qf6 Kh7 32. Kg2 Rg8 33. Kg3 Rc3+ 34. Re3 Rxe3+ 35. fxe3 Qc7 36. Rh1 Rg6 37. Qf2 Qc2 38. Nf3 Qe4 39. Kg2 Bxg4 40. Kg3 Be6 41. Rc1 Qg4+ 42. Kh2 Qh3+ 43. Kg1 g4 44. Ne1 (44. Nd2 $142 g3 45. Qg2) 44... g3 45. Qg2 Qf5 (45... Qh4 $142 46. Qh1 Qe7) 46. Qf3 {[%emt 0:02:11] [#]} Qg5 $2 ({Black should play} 46... h5 $1 $19 47. Qxf5 Bxf5) 47. Rc6 $2 (47. Ng2 $17 {only move.}) 47... Qh4 $19 48. Qh1 Qg4 49. Qf3 h5 50. Rxb6 h4 51. Qxg4 Bxg4 52. Rd6 Be6 53. b6 Rg8 54. b7 h3 55. Rb6 Rb8 56. Rb5 Bf5 57. Nf3 h2+ 58. Nxh2 gxh2+ 59. Kxh2 Be4 60. Kg3 Kg6 61. Kf4 Bh1 62. Rb6+ Kg7 63. Kg5 Be4 64. Rb5 Bf3 65. Kf5 Be4+ 66. Kg5 Kf8 67. Kf6 Ke8 68. e6 fxe6 69. Kxe6 Kd8 70. Kd6 Bf3 71. Rxa5 Bg4 72. Ra8 1-0

[Event "DFMM-LV 2023"]
[Site "Braunfels"]
[Date "2023.06.09"]
[Round "2.41"]
[White "Nguyen, Ha Thanh"]
[Black "Hund, Sarah"]
[Result "1/2-1/2"]
[Annotator "TA"]
[ECO "B44"]
[WhiteElo "1968"]
[BlackElo "1977"]
[PlyCount "63"]
[EventDate "2023.06.09"]
[EventType "team-tourn"]
[EventCountry "GER"]
[SourceTitle "playchess.com"]
[Source "ChessBase"]
[SourceQuality "1"]
[TimeControl "40/5400+30:1800+30"]

1. e4 c5 2. Nf3 e6 3. d4 cxd4 4. Nxd4 Nc6 5. Be3 Nf6 6. Bd3 Qc7 7. Qe2 {[%emt 0:07:19] B44: Sicilian: Taimanov: 5 Nb5.} a6 {[%emt 0:04:06] [#]} (7... d5 $5 ) 8. a4 $146 ({Predecessor:} 8. O-O Bc5 9. Nxe6 dxe6 10. Bxc5 Ne5 11. Bd4 Nxd3 12. Qxd3 e5 13. Be3 Be6 14. Nd2 {1-0 Palacio,E (1896)-Perez Selios,L (1429) Montevideo Duchamp Cup 5th 2022 (9)}) 8... d5 9. Nxc6 {[%emt 0:09:26][%cal Oe4e5] [#] Strongly threatening e5! The position is equal.} bxc6 10. exd5 cxd5 11. h3 Be7 (11... e5 $5 12. c3 Bd6 $15) 12. O-O O-O 13. Bd4 Nd7 14. Re1 Qf4 15. Qe3 Qxe3 (15... Qh4 {is interesting.} 16. c3 Bg5 17. Qf3 Bb7) 16. Bxe3 Nc5 17. Be2 Bd7 18. b3 (18. a5 $11 {was preferrable.}) 18... Rfc8 19. Bf3 Bf6 20. Ra2 Rab8 21. Rd1 Be8 22. Bd4 (22. Be2 $11) 22... Bxd4 $17 23. Rxd4 a5 ({Black should try} 23... Bxa4 $17 24. Nd2 Bc6) 24. Na3 $15 Na6 25. Rd2 Rc3 26. Ra1 Nb4 27. Re1 Kf8 28. Bd1 Na6 29. Re3 Rbc8 30. Be2 Nb4 31. Rxc3 Rxc3 32. Bd1 {[%emt 0:01:18] Weighted Error Value: White=0.20 (precise) /Black=0.13 (very precise)} 1/2-1/2

[Event "DFMM-LV 2023"]
[Site "Braunfels"]
[Date "2023.06.09"]
[Round "2.42"]
[White "Novikova, Margarita"]
[Black "Skibbe, Diana"]
[Result "1-0"]
[Annotator "TA"]
[ECO "A82"]
[WhiteElo "1985"]
[BlackElo "1956"]
[PlyCount "75"]
[EventDate "2023.06.09"]
[EventType "team-tourn"]
[EventCountry "GER"]
[SourceTitle "playchess.com"]
[Source "ChessBase"]
[SourceQuality "1"]
[TimeControl "40/5400+30:1800+30"]

1. d4 f5 2. e4 fxe4 3. f3 Nf6 4. Bg5 e3 5. Bxe3 e6 6. Bd3 {[%emt 0:03:38] [#] A82: Dutch Defence: Staunton Gambit.} Bd6 $146 ({Predecessor:} 6... b6 7. Ne2 Nd5 8. Bf2 Qf6 9. c3 Bd6 10. Nd2 Nf4 11. Nxf4 Qxf4 12. Ne4 O-O {1-0 Stingl,R (1980)-Bittner,H (1920) Regionalliga Nord-West 1718 2017 (6.5)}) 7. c4 c5 8. dxc5 $16 {[%emt 0:00:53] White is better.} Be7 9. Nd2 {[%emt 0:16:54] White is more active.} (9. Nc3 $16) 9... Na6 $14 10. Nb3 Qc7 11. Ne2 Nxc5 12. Bc2 b6 13. Nbd4 a6 {[%emt 0:00:42] Repels Nb5} (13... d5 $1 $11) 14. O-O (14. b4 $5 ) 14... O-O 15. Qd2 $36 {[%emt 0:02:50][%mdl 2048] White has the initiative.} (15. b4 $5 ) 15... d5 16. cxd5 $1 exd5 {[%emt 0:01:08] Loses the game.} (16... Nxd5 $11 17. b4 Nxe3 18. Qxe3 e5) 17. b4 $18 Ne6 18. Rac1 Qd6 {[%emt 0:02:29] [#]} 19. Nc6 $1 Bb7 (19... Bd7 $142) (19... Bd8 20. Nxd8) 20. Nxe7+ Qxe7 21. Bxb6 Rfc8 22. Bb3 Qd6 23. Be3 Kh8 24. Nd4 Nc7 25. a4 {[%emt 0:03:12] Threatens to win with Bf4.} Qd7 $2 {[%emt 0:02:08] Black is weak on the dark squares} (25... Ne6 {might work better.} 26. Nxe6 Qxe6) 26. Bc2 Qf7 27. Bf5 {[%emt 0:00:50] Against Ne6} Nd7 28. Bf4 Ne8 29. Be6 Qe7 30. Rxc8 Rxc8 31. Re1 Nef6 32. Nf5 Qd8 33. Nd6 Qb6+ 34. Kh1 Rc6 35. a5 ({Not} 35. Bxd5 Rxd6 36. a5 Rxd5 $11) 35... Qa7 36. Bxd7 {[%emt 0:00:27] [#] Threatening mate with Nf7+. This pair of bishops is nice.} Rxd6 37. Bxd6 {[%emt 0:00:14][%cal Od2f4] White threatens Qf4! and mate.} d4 38. Bc5 {[%emt 0:01:11] Weighted Error Value: White=0.12 (very precise) /Black=0.70} 1-0

[Event "DFMM-LV 2023"]
[Site "Braunfels"]
[Date "2023.06.09"]
[Round "2.43"]
[White "Bethge, Johanna"]
[Black "Haug, Mara"]
[Result "0-1"]
[Annotator "NA RC COMBH"]
[ECO "B38"]
[WhiteElo "1721"]
[BlackElo "1754"]
[PlyCount "88"]
[EventDate "2023.06.09"]
[EventType "team-tourn"]
[EventCountry "GER"]
[SourceTitle "playchess.com"]
[Source "ChessBase"]
[SourceQuality "1"]
[TimeControl "40/5400+30:1800+30"]

1. e4 c5 2. Nf3 Nc6 3. d4 cxd4 4. Nxd4 g6 5. c4 Bg7 6. Be3 Nf6 7. Nc3 O-O 8. Be2 d6 9. O-O Bd7 10. Qd2 Nxd4 11. Bxd4 Bc6 12. f3 a5 13. b3 Nd7 14. Be3 Nc5 15. Rab1 Qb6 16. Rfc1 Rfc8 17. Rc2 h5 18. Bf1 Kh7 19. Ne2 Qd8 20. Nd4 Qf8 21. a3 Bh6 22. Nxc6 Bxe3+ 23. Qxe3 Rxc6 24. b4 axb4 25. axb4 Ne6 26. g3 Qg7 27. Qc3 Nd4 28. Rcc1 Rca6 29. c5 Ra3 30. Qc4 Nxf3+ 31. Kh1 Nd2 32. Qd5 Nxb1 33. Rxb1 R8a7 34. cxd6 exd6 35. Qxd6 Ra1 36. Rxa1 Rxa1 37. Qf4 Kg8 38. e5 Re1 39. Kg2 Qxe5 40. Qd2 Qe4+ 41. Kf2 Rxf1+ 42. Kxf1 Qh1+ 43. Ke2 Qxh2+ 44. Kd1 Qxd2+ 0-1

[Event "DFMM-LV 2023"]
[Site "Braunfels"]
[Date "2023.06.09"]
[Round "2.44"]
[White "Wellenreich, Jenni"]
[Black "Dietrich, Mareike"]
[Result "1/2-1/2"]
[Annotator "NA RC COMBH"]
[ECO "E11"]
[WhiteElo "1828"]
[BlackElo "1771"]
[PlyCount "36"]
[EventDate "2023.06.09"]
[EventType "team-tourn"]
[EventCountry "GER"]
[SourceTitle "playchess.com"]
[Source "ChessBase"]
[SourceQuality "1"]
[TimeControl "40/5400+30:1800+30"]

1. d4 Nf6 2. c4 e6 3. Nf3 Bb4+ 4. Bd2 c5 5. dxc5 Bxc5 6. Nc3 b6 7. a3 Bb7 8. Bg5 Bxf3 9. exf3 Be7 10. Bd3 Nc6 11. O-O O-O 12. Rc1 Rc8 13. Re1 Na5 14. Qa4 d5 15. Bxf6 Bxf6 16. cxd5 Bxc3 17. Qe4 g6 18. Rxc3 Rxc3 1/2-1/2

[Event "DFMM-LV 2023"]
[Site "Braunfels"]
[Date "2023.06.09"]
[Round "2.45"]
[White "Kohl, Natalie"]
[Black "Schneider, Birgit"]
[Result "1/2-1/2"]
[Annotator "NA RC COMBH"]
[ECO "B22"]
[WhiteElo "1504"]
[BlackElo "1855"]
[PlyCount "42"]
[EventDate "2023.06.09"]
[EventType "team-tourn"]
[EventCountry "GER"]
[SourceTitle "playchess.com"]
[Source "ChessBase"]
[SourceQuality "1"]
[TimeControl "40/5400+30:1800+30"]

1. e4 c5 2. c3 d5 3. exd5 Qxd5 4. d4 cxd4 5. Qxd4 Nf6 6. Qxd5 Nxd5 7. Nf3 Nc6 8. Bc4 Nb6 9. Nbd2 Bg4 10. Bb3 e6 11. O-O Be7 12. Re1 O-O 13. h3 Bh5 14. a4 Rfd8 15. a5 Nd5 16. a6 b6 17. Ba4 Rac8 18. Bxc6 Rxc6 19. Nd4 Rcc8 20. Ne4 Bg6 21. Bg5 Bxg5 1/2-1/2

[Event "DFMM-LV 2023"]
[Site "Braunfels"]
[Date "2023.06.09"]
[Round "2.46"]
[White "Kohm, Vanessa"]
[Black "Loos, Tilda"]
[Result "0-1"]
[Annotator "NA RC COMBH"]
[ECO "E18"]
[WhiteElo "1769"]
[BlackElo "1401"]
[PlyCount "58"]
[EventDate "2023.06.09"]
[EventType "team-tourn"]
[EventCountry "GER"]
[SourceTitle "playchess.com"]
[Source "ChessBase"]
[SourceQuality "1"]
[TimeControl "40/5400+30:1800+30"]

1. d4 Nf6 2. Nf3 e6 3. c4 b6 4. g3 Bb7 5. Bg2 Be7 6. Nc3 O-O 7. O-O d5 8. cxd5 Nxd5 9. Qc2 Nd7 10. Rd1 N7f6 11. e3 Nb4 12. Qa4 Bc6 13. Qb3 a5 14. a3 a4 15. Qc4 b5 16. Qe2 Nbd5 17. Nxb5 Qb8 18. Nc3 Nxc3 19. bxc3 Qb3 20. Nd2 Qxc3 21. Ra2 Bxg2 22. Kxg2 Qc6+ 23. Nf3 Ne4 24. Rc2 Qb7 25. Rb2 Qc6 26. Rc2 Qb7 27. Kg1 Rfd8 28. Rb2 Qd5 29. Rb5 Nc3 0-1

[Event "DFMM-LV 2023"]
[Site "Braunfels"]
[Date "2023.06.09"]
[Round "3.1"]
[White "Rogule, Laura"]
[Black "Agrest, Inna"]
[Result "1/2-1/2"]
[Annotator "TA"]
[ECO "E68"]
[WhiteElo "2218"]
[BlackElo "2287"]
[PlyCount "51"]
[EventDate "2023.06.09"]
[EventType "team-tourn"]
[EventCountry "GER"]
[SourceTitle "playchess.com"]
[Source "ChessBase"]
[SourceQuality "1"]
[TimeControl "40/5400+30:1800+30"]

1. c4 Nf6 2. d4 g6 3. Nf3 Bg7 4. g3 O-O 5. Bg2 d6 6. Nc3 Nbd7 7. O-O a6 8. e4 e5 $1 {[%emt 0:00:29] 8...e5 scores better than 8...c5.} 9. Re1 Rb8 10. d5 {[%emt 0:09:03] E68: King's Indian: Fianchetto: 6...Nbd7 7 0-0 e5 8 e4.} b5 11. cxb5 axb5 12. b4 {[%emt 0:02:06] White is more active. White is slightly better.} Nb6 $1 {[%emt 0:01:34] [#]} 13. Bg5 $146 (13. Nxb5 $14 Nbxd5 14. Na7 Nxb4 15. a3) ({Predecessor:} 13. Nd2 Bd7 14. Bf1 Qe7 15. Nb3 Nc4 16. a4 bxa4 17. Bxc4 axb3 18. Qxb3 Ne8 19. Ra7 {1-0 Tregubov,P (2629)-Mamedov,R (2617) EU-ch 9th Plovdiv 2008 (7)}) 13... Bd7 14. Qe2 Qc8 15. Rec1 ({Don't play} 15. Nxb5 Nxe4 16. Qxe4 Bxb5 $17) 15... h5 16. Nd2 ({Of course not} 16. Nxb5 Bxb5 17. Qxb5 Nxe4 $11) 16... Nh7 17. Be3 Qe8 18. Bxb6 Rxb6 19. Nd1 Rb7 20. Rc3 f5 21. exf5 gxf5 {[%emt 0:01:09] Strongly threatening ...e4.} 22. Rac1 Qd8 23. Qxh5 e4 24. R3c2 $1 Nf6 25. Qg6 (25. Qg5 $11) 25... Ng4 $1 $15 {[%emt 0:09:11][%mdl 1024] Black has compensation.} 26. Ne3 {[%emt 0:01:40] Weighted Error Value: White=0.15 (very precise) /Black=0.08 (flawless)} (26. Nb3 $15) 1/2-1/2

[Event "DFMM-LV 2023"]
[Site "Braunfels"]
[Date "2023.06.09"]
[Round "3.2"]
[White "Voicu-Jagodzinsky, Carmen"]
[Black "Otikova, Elina"]
[Result "1-0"]
[Annotator "TA"]
[ECO "C47"]
[WhiteElo "2297"]
[BlackElo "2047"]
[PlyCount "95"]
[EventDate "2023.06.09"]
[EventType "team-tourn"]
[EventCountry "GER"]
[SourceTitle "playchess.com"]
[Source "ChessBase"]
[SourceQuality "1"]
[TimeControl "40/5400+30:1800+30"]

1. e4 e5 2. Nf3 Nc6 3. Nc3 Nf6 4. d4 exd4 5. Nd5 Nxd5 6. exd5 Bb4+ 7. Bd2 Qe7+ 8. Qe2 Bxd2+ 9. Kxd2 Qxe2+ 10. Bxe2 Ne7 11. d6 {[%emt 0:03:19] White is more active.} ({Don't play} 11. Nxd4 Nxd5 12. Rhe1 Nf4 $11) 11... Nc6 {[%emt 0:05:13] C47: Scotch Four Knights and Four Knights with 4 g3.} 12. dxc7 (12. Rhd1 {simplifies} cxd6 13. Ke1 b6 14. Nxd4 Nxd4 15. Rxd4 Bb7 16. Kf1) 12... d5 13. Rhe1 {[%emt 0:00:59] Strongly threatening Bc4+.} (13. Rhd1 {simplifies} Kd7 14. Ke1 Kxc7 15. Nxd4 a6 16. Kf1) 13... Kd7 {[%emt 0:12:58] The position is equal.} 14. Bb5 (14. Rad1 {simplifies} Kxc7 15. Kc1 Bg4 16. Nxd4 Bxe2 17. Nxe2 Rad8 18. Nf4) 14... Kd6 {[%emt 0:00:23] [#] Prevents Re5.} (14... Rf8 {simplifies} 15. Bxc6+ bxc6 16. Nxd4 Kxc7 17. b4 Bd7) 15. h3 $146 ({Predecessor:} 15. Bxc6 bxc6 16. Nxd4 c5 17. Nb5+ Kc6 18. c4 dxc4 19. Na3 Be6 20. Kc3 Kxc7 21. Nxc4 {½-½ Bednar,J (2266)-Kekely,L (2071) SVK-chT2C 1516 2015 (7.3)}) 15... Be6 16. Re2 Rac8 17. Rae1 (17. Bxc6 {simplifies} bxc6 18. Nxd4 Rxc7 19. c4) 17... g6 (17... Rxc7 $11 18. Bxc6 d3) 18. Bxc6 (18. Ng5 {keeps more tension.} d3 19. Bxd3 Nd4 20. Rxe6+ fxe6 21. Nf7+) 18... bxc6 {[%emt 0:00:26] Black is weak on the dark squares} 19. Ng5 Rhe8 20. Nxh7 Rxc7 21. Ng5 Rce7 (21... Rb7 $11) 22. f4 (22. b4 $14) 22... c5 $11 23. g4 c4 (23... Bd7 $11) 24. Nf3 (24. b3 $1 $16) 24... c3+ 25. bxc3 dxc3+ 26. Kxc3 Rh8 (26... Rc7+ $14 27. Kd2 Rec8) 27. Ng5 Rc7+ 28. Kd2 Bc8 29. Re8 {[%emt 0:02:15] Dodges f6} Rxe8 30. Rxe8 $16 {[%emt 0:00:01][%mdl 4096] Endgame KRB-KRN} f5 31. Rg8 fxg4 32. Rxg6+ Kc5 33. hxg4 Bxg4 {[%emt 0:00:49] [#]} 34. Ne6+ ({White should try} 34. Ne4+ $1 $16 Kd4 35. Ng3) 34... Bxe6 $14 35. Rxe6 {[%emt 0:00:01] KR-KR} Rf7 36. Ke3 {[%emt 0:00:21] Black must now prevent Kf3.} Kc4 $2 ({Black should play} 36... a5 $14) 37. Re5 $18 a5 {[%emt 0:04:35] [#]} 38. f5 $1 {[%emt 0:00:37] Kf4 would be deadly.} a4 39. a3 $2 (39. Kf4 $18 {and the rest is easy.}) 39... Rf6 $2 {[%emt 0:03:54] Black cannot hold the game after this.} (39... d4+ $16 {is a better chance.} 40. Ke4 Kc3) 40. Kf4 Rb6 $2 (40... Rf8 41. Re3 d4) 41. Re2 {[%emt 0:35:29] Intending Kg5 and mate.} Kc3 42. Ke5 {[%emt 0:00:00] White mates.} d4 43. Rf2 Rb5+ 44. Ke4 Rb8 45. f6 Re8+ 46. Kd5 Rd8+ 47. Kc5 Kb2 48. Kb4 {[%emt 0:00:00] Weighted Error Value: White=0.26 (precise) /Black=0.55} 1-0

[Event "DFMM-LV 2023"]
[Site "Braunfels"]
[Date "2023.06.09"]
[Round "3.3"]
[White "Ter-Avetisjana, Agnesa Stepania"]
[Black "Zozulia, Anna"]
[Result "1/2-1/2"]
[Annotator "TA"]
[ECO "B51"]
[WhiteElo "1988"]
[BlackElo "2236"]
[PlyCount "35"]
[EventDate "2023.06.09"]
[EventType "team-tourn"]
[EventCountry "GER"]
[SourceTitle "playchess.com"]
[Source "ChessBase"]
[SourceQuality "1"]
[TimeControl "40/5400+30:1800+30"]

1. e4 c5 2. Nf3 Nc6 3. Bb5 d6 4. c3 Bd7 5. O-O Nf6 6. Re1 a6 7. Ba4 b5 8. Bc2 e5 {[%emt 0:01:02] has lost popularity (8...Bg4).} 9. d4 cxd4 {[%emt 0:03:16] B51: Sicilian: Moscow Variation (3 Bb5+) without 3...Bd7.} 10. cxd4 Bg4 11. Be3 exd4 {[%emt 0:27:11] The position is equal.} 12. Bxd4 Bxf3 13. gxf3 Nxd4 14. Qxd4 Be7 15. Nc3 O-O 16. Rad1 {[%emt 0:00:05] Threatens to win with e5.} Qc7 {[%emt 0:05:54] [#]} 17. Bb3 $146 ({Predecessor:} 17. Rd2 Rac8 18. Qd3 g6 19. a3 Rfe8 20. Bb3 Nd7 21. Nd5 Qd8 22. f4 Bf8 23. Qg3 {1-0 Calder,H (2037)-Ramos Verdu,J (2047) BCCA-ESP email 2006}) 17... Qa7 18. Nd5 {[%emt 0:02:53] An uneventful encounter.   Weighted Error Value: White=0.03 (flawless) /Black=0.05 (flawless)} 1/2-1/2

[Event "DFMM-LV 2023"]
[Site "Braunfels"]
[Date "2023.06.09"]
[Round "3.5"]
[White "Safonova, Valeria"]
[Black "Hess, Olena"]
[Result "0-1"]
[Annotator "TA"]
[ECO "C41"]
[WhiteElo "1753"]
[BlackElo "2078"]
[PlyCount "76"]
[EventDate "2023.06.09"]
[EventType "team-tourn"]
[EventCountry "GER"]
[SourceTitle "playchess.com"]
[Source "ChessBase"]
[SourceQuality "1"]
[TimeControl "40/5400+30:1800+30"]

1. e4 d6 2. d4 Nf6 3. Nc3 e5 4. Nge2 exd4 5. Nxd4 Be7 6. g3 d5 7. exd5 {[%emt 0:20:02] C41: Philidor Defence.} Nxd5 8. Nce2 O-O 9. Bg2 {[%emt 0:01:13] The position is equal.} c6 10. h3 Na6 11. O-O Nac7 12. c3 (12. c4 $5 Nb6 13. Qc2 $14) 12... Bf6 {[%emt 0:05:15] [#]} 13. Bd2 $146 ({Predecessor:} 13. Qb3 Re8 14. Nf4 Nxf4 15. Bxf4 Bxd4 16. cxd4 Nd5 17. Bd2 Rb8 18. Rfe1 Be6 19. Qa3 {½-½ Schrepp,M (2234)-Beer,M (2105) Verbandsliga Nordbaden 1920 2019 (6.3)}) 13... Re8 14. Qc2 $2 {[%emt 0:02:50][%mdl 8192] This move loses the game for White.} (14. Re1 $11 {and White is okay.}) 14... c5 $19 {[%emt 0:02:31][%mdl 64] [#] Deflection} 15. Nb3 Rxe2 16. Qd3 Re8 17. Nxc5 Nb6 18. Qxd8 Rxd8 ({Weaker is} 18... Bxd8 19. Rad1 $17) 19. Bf4 Ncd5 20. Rad1 Nxf4 21. Rxd8+ Bxd8 22. gxf4 Rb8 23. Rd1 {[%emt 0:01:59][%cal Rd1d8] [#]} Be7 24. Ne4 Be6 25. b3 Bd5 26. Re1 Kf8 27. Kf1 f5 28. Ng3 Bxg2+ {[%emt 0:00:22] Black is clearly winning.} 29. Kxg2 g6 30. c4 Rd8 31. Ne2 Bb4 32. Ra1 Rd2 33. Kf3 Rd3+ 34. Kg2 Be7 35. Ng1 Bf6 36. Rb1 Rd2 37. Nf3 Rxa2 38. Rd1 Ke7 {[%emt 0:01:15] Weighted Error Value: White=0.40/Black=0.15 (very precise)} 0-1